 Dungeon Crawl Stone Soup version 0.30-a0-1123-gabc949cf19 (webtiles) character file.

Game seed: 9688672984777240716

1339 Darkkill the Shooter (level 8, -1/71 HPs)
             Began as a Minotaur Hunter on Apr 22, 2023.
             Was an Initiate of Gozag.
             Slain by a wraith (5 damage)
             ... on level 6 of the Dungeon.
             The game lasted 00:07:52 (5679 turns).

Darkkill the Shooter (Minotaur Hunter)              Turns: 5679, Time: 00:07:52

Health: -1/71      AC:  5    Str: 16    XL:     8   Next: 35%
Magic:  7/7        EV: 14    Int: 12    God:    Gozag
Gold:   441        SH:  0    Dex: 16    Spells: 7/7 levels left

rFire   . . .        a - +0 shortbow
rCold   . . .        (shield currently unavailable)
rNeg    . . .        c - +1 leather armour
rPois   .            (helmet restricted)
rElec   .            (no cloak)
rCorr   .            (no gloves)
SInv    .            m - +0 pair of boots
Will    .....        (no amulet)
Stlth   +++          j - +6 ring of intelligence
HPRegen 0.31/turn    (no ring)
MPRegen 0.10/turn

%: no passive effects
@: slowed, very slow
A: horns 2, retaliatory headbutt
a: Renounce Religion, Potion Petition, Call Merchant, Bribe Branch


You were on level 6 of the Dungeon.
You worshipped Gozag.
Gozag was aware of your devotion.
You visited 1 branch of the dungeon, and saw 6 of its levels.

You collected 518 gold pieces.
You paid 77 gold pieces to Gozag.

Inventory:

Hand Weapons
 a - a +0 shortbow (weapon)
 b - the +5 whip of Dissolution {antimagic, rF+ Will+}
   (You found it on level 3 of the Dungeon)

   rF:        It protects you from fire.
   Will:      It increases your willpower.
Missiles
 h - 8 poisoned darts
 i - 48 stones
 k - 2 throwing nets {=f !f}
Armour
 c - a +1 leather armour (worn)
 m - a +0 pair of boots (worn)
Magical Staves
 u - a staff of cold
Jewellery
 j - a +6 ring of intelligence (left hand)
Wands
 r - a wand of iceblast (11)
Scrolls
 d - 5 scrolls of teleportation
 g - 2 scrolls of identify {@r1}
 n - 5 scrolls of immolation
 q - a scroll of amnesia
Potions
 e - a potion of degeneration {unknown}
 f - 2 potions of might
 l - a potion of mutation {unknown}
 p - a potion of cancellation {unknown}
 s - a potion of berserk rage {unknown}
 t - 2 potions of haste {unknown}


   Skills:
 + Level 6.5 Fighting
 + Level 7.1 Ranged Weapons
 + Level 6.0 Dodging
 + Level 4.5 Stealth


You had 7 spell levels left.
You didn't know any spells.
Your spell library contained the following spells:

 Spells                   Type           Power      Damage    Failure   Level
 Sandblast                Erth           0%         2d4       38%         1
 Cigotuvi's Dreadful Rot  Necr/Pois/Air  0%         N/A       52%         2
 Passwall                 Tmut/Erth      0%         N/A       52%         2
 Sublimation of Blood     Necr           0%         N/A       52%         2
 Wereblood                Tmut           0%         N/A       52%         2
 Ignite Poison            Fire/Tmut/Pois 0%         N/A       77%         3
 Stone Arrow              Conj/Erth      0%         3d7       77%         3
 Freezing Cloud           Conj/Ice/Air   0%         6-21      100%        5
 Summon Hydra             Summ           0%         N/A       100%        7


Dungeon Overview and Level Annotations

Branches:
Dungeon (6/15)             Temple (0/1) D:5

Altars:
Dithmenos
Elyvilon
Fedhas
Gozag
Hepliaklqana
Nemelex Xobeh

Shops:
D:4 [

Annotations:
D:5 1 runed translucent door, Crazy Yiuf


Innate Abilities, Weirdness & Mutations

You have a pair of horns on your head.
You reflexively headbutt those who attack you in melee.


Message History

You shoot an arrow.
The arrow closely misses the electric eel.
A wraith comes into view.
There are monsters nearby!
You shoot an arrow.
The arrow barely misses the electric eel.
A kobold brigand comes into view.
It is wielding a +0 dagger and quivering poisoned darts.
There are monsters nearby!
You shoot an arrow. The arrow hits the electric eel!
The electric eel is moderately wounded.
There are monsters nearby!
You shoot an arrow.
The arrow completely misses the electric eel.
A jelly comes into view.
The electric eel shoots out a bolt of lightning at you!
The bolt of electricity hits you!
The jelly quivers.
There are monsters nearby!
You are too injured to fight recklessly!
There are monsters nearby!
You are too injured to fight recklessly!
You are too injured to fight recklessly!
There are monsters nearby!
You are too injured to fight recklessly!
The electric eel shoots out a bolt of lightning at you!
The bolt of electricity hits you! x2
The bolt of electricity hits the electric eel.
The electric eel completely resists.
The wraith attacks as you move away! The wraith completely misses you.
The wraith hits you but does no damage. The wraith attacks as you move away!
The wraith completely misses you.
You see here a +0 spear.
You shoot an arrow.
The arrow hits the wraith but does no damage.
The wraith barely misses you. You furiously retaliate!
You headbutt the wraith. You shoot an arrow.
The arrow barely misses the wraith.
The arrow hits the jelly!
The jelly is moderately wounded.
The wraith closely misses you. You furiously retaliate!
You headbutt the wraith! You shoot an arrow.
The arrow hits the wraith but does no damage.
The wraith is moderately damaged.
The wraith completely misses you.
You shoot an arrow. The arrow barely misses the wraith.
The arrow hits the jelly.
The jelly is heavily wounded.
The wraith misses you. You furiously retaliate!
You headbutt the wraith, but do no damage.
The wraith closely misses you. You furiously retaliate!
You headbutt the wraith. You shoot an arrow.
The arrow hits the wraith but does no damage.
The wraith is moderately damaged.
The wraith barely misses you. You furiously retaliate!
You headbutt the wraith! You shoot an arrow. The arrow hits the wraith!
The wraith is almost destroyed.
The wraith hits you. The wraith drains your vigour!
You feel yourself slow down.
Fire: a) +0 shortbow
Press: ? - help, Q - select action, (/) - cycle Shift-Dir - straight line, f/p - wraith
Aim: a wraith (almost destroyed, 66% to hit)
You shoot an arrow. The arrow barely misses the wraith.
The arrow hits the jelly.
The jelly is heavily wounded.
The wraith hits you!
* * * LOW HITPOINT WARNING * * *
The wraith drains your vigour!
You feel as though you will be slow longer.
The wraith closely misses you.
Fire: a) +0 shortbow
Press: ? - help, Q - select action, (/) - cycle Shift-Dir - straight line, f/p - wraith
Aim: a wraith (almost destroyed, 66% to hit)
Okay, then.
Read: scroll of fear
Press: ? - help, Q - select action, (/) - cycle Dir - look around, f - activate Look: a kobold brigand, wielding a +0 dagger and quivering poisoned darts (chance to affect: 97%)
As you read the scroll of fear, it crumbles to dust.
You assume a fearsome visage.
The wraith is unaffected.
The kobold brigand looks frightened!
The jelly looks frightened!
The wraith hits you.
* * * LOW HITPOINT WARNING * * *
The wraith drains your vigour!
You feel as though you will be slow longer.
You shoot an arrow.
The arrow hits the wraith but does no damage.
The wraith is almost destroyed.
The wraith hits you.
* * * LOW HITPOINT WARNING * * *
The wraith hits you!
* * * LOW HITPOINT WARNING * * *
The wraith drains your vigour!
You feel as though you will be slow longer.
You shoot an arrow.
The arrow hits the wraith but does no damage.
The wraith is almost destroyed.
The wraith hits you.
You die...
Your body crumbles into a pile of gold.

#...##~~~~..K~~~#
##.###.# #.###
#~$~..S~~# #.###.##
#.# ####..####
#....#.. #.# #J..#
#####.## #.# #.###
##.# #.# #.## ##..#
#.# #..# #...# #.#
##W# ##.## #.# #@#
########.# #.# #.#
#........# #### #.#
#.#####.########
#..####.## #.#.....#
....##...# #.#.###.#
##...#...### #.#.#
#.# .##........#
#.#.# #.#
_.#...)....#####.#.#
#.##########
.##).......#.....#.#
#...........


You could see a wraith and a jelly (fleeing).

Vanquished Creatures
  A steam dragon (D:6)
  A water moccasin (D:6)
  A sky beast (D:6)
  An ice beast (D:6)
  An ogre (D:5)
  2 phantoms
  The ghost of baller8008 the Magician, an amateur DECj (D:4)
  A bullfrog (D:5)
  3 hounds
  2 jellies
  2 orc priests (D:4)
  A gnoll bouda (D:5)
  A sleepcap (D:6)
  An iguana (D:5)
  An orc wizard (D:3)
  4 gnolls
  13 adders
  An ufetubus (D:5)
  9 orcs
  2 ball pythons
  5 bats
  10 endoplasms
  3 giant cockroaches
  7 goblins
  6 hobgoblins
  2 jackals (D:2)
  5 quokkas
  2 frilled lizards
  3 kobolds
  4 rats
96 creatures vanquished.

Vanquished Creatures (others)
  5 fungi (D:5)
5 creatures vanquished.

Grand Total: 101 creatures vanquished

Notes
Turn   | Place    | Note
-------+----------+-------------------------------------------
     0 | D:1      | Darkkill the Minotaur Hunter began the quest for the Orb.
     0 | D:1      | Reached XP level 1. HP: 18/18 MP: 0/0
   108 | D:1      | Reached skill level 1 in Stealth
   113 | D:1      | Reached XP level 2. HP: 25/25 MP: 1/1
   605 | D:2      | Reached XP level 3. HP: 31/31 MP: 2/2
  1042 | D:2      | Reached XP level 4. HP: 37/38 MP: 3/3
  1156 | D:2      | Noticed an ogre
  1642 | D:3      | Found a hazy altar of Hepliaklqana.
  1693 | D:3      | Found a sparkling altar of Nemelex Xobeh.
  1703 | D:3      | Found a white marble altar of Elyvilon.
  1714 | D:3      | Reached skill level 5 in Ranged Weapons
  1813 | D:3      | Identified the +5 whip of Dissolution {antimagic, rF+
                  | Will+}
  1937 | D:3      | Reached XP level 5. HP: 18/46 MP: 4/4
  2161 | D:4      | Noticed a phantom
  2170 | D:4      | Killed a phantom
  2268 | D:4      | HP: 4/47 [orc priest/divine providence (10)]
  2272 | D:4      | Reached XP level 6. HP: 28/53 MP: 5/5
  2662 | D:4      | Found a runed translucent gate.
  2662 | D:4      | Found a runed translucent gate.
  2663 | D:4      | Found a runed translucent gate.
  2664 | D:4      | Found an opulent altar of Gozag.
  2665 | D:4      | Noticed baller8008's ghost (amateur DECj)
  2783 | D:4      | Found Lixunahu's Antique Armour Shop.
  2886 | D:4      | Killed baller8008's ghost
  2922 | D:4      | Became a worshipper of Gozag Ym Sagoz the Greedy
  3038 | D:5      | Entered Level 5 of the Dungeon
  3349 | D:5      | Reached skill level 5 in Fighting
  3349 | D:5      | Reached skill level 6 in Ranged Weapons
  3349 | D:5      | Reached XP level 7. HP: 39/61 MP: 6/6
  3739 | D:5      | Found a blossoming altar of Fedhas.
  3770 | D:5      | Found a staircase to the Ecumenical Temple.
  3962 | D:5      | Found a runed translucent door.
  3963 | D:5      | Noticed Crazy Yiuf
  4152 | D:6      | HP: 9/61 [gnoll/+0 halberd[a gnoll bouda] (9)]
  4374 | D:6      | Reached skill level 5 in Dodging
  4646 | D:6      | Found a shadowy altar of Dithmenos.
  4662 | D:6      | Reached XP level 8. HP: 42/70 MP: 7/7
  4835 | D:6      | HP: 6/70 [steam dragon] (14)]
  5267 | D:6      | Reached skill level 7 in Ranged Weapons
  5678 | D:6      | HP: 3/71 [wraith (12)]
  5679 | D:6      | Slain by a wraith

Illustrated notes

Levels and vault maps discovered:
D:1:      psy_arrival_basics, layout_basic, minmay_tetromino_l4
D:2:      layout_loops_ring, lightli_corner_chamber
D:3:      layout_basic, chequers_temple_overflow_statue_of_worship,
          lemuel_coloured_pillars_altar
D:4:      layout_rooms, ebering_ghost_gozag, serial_shops, shop,
          corexii_corridor_pit
D:5:      layout_basic, fedhas_altar_fruit_tree,
          minmay_temple_entry_statues_pillars, uniq_crazy_yiuf_cottage
D:6:      kennysheep_big_flooded_room, layout_loops_ring,
          nicolae_dithmenos_through_a_glass_darkly, grunt_ministairs_1

Skill      XL: |  1  2  3  4  5  6  7  8 |
---------------+-------------------------+-----
Stealth        | 1 2 3 4 |  4.5
Fighting       | 3 4 5 6 |  6.5
Dodging        | 3 4 5 6 |  6.0
Ranged Weapons | 5 6 7 |  7.1

Action                     |  1- 3 |  4- 6 |  7- 9 || total
---------------------------+-------+-------+-------++-------
  Melee: Shortbow          |       |     2 |       ||     2
         Headbutt          |       |     6 |       ||     6
         Whip              |       |    10 |       ||    10
   Fire: Shortbow          |    88 |   124 |   172 ||   384
    Use: Scroll            |     4 |     4 |     1 ||     9
         Potion            |       |     2 |     4 ||     6
 Armour: Leather armour    |     5 |    21 |    41 ||    67
  Dodge: Dodged            |    20 |    46 |    92 ||   158

Table legend: (Time is in decaauts)
 A = Elapsed time spent in this place.
 B = Non-inter-level travel time spent in this place.
 C = Inter-level travel time spent in this place.
 D = Time resting spent in this place.
 E = Time spent auto-exploring this place.
 F = Levels seen in this place.
 G = Mean time per level.
                   A        B        C        D        E       F      G
               +--------+--------+--------+--------+--------+-----+--------+
         Total |   5777 |   5442 |    335 |    293 |   4349 |   6 |  962.8 |
       Dungeon |   5777 |   5442 |    335 |    293 |   4349 |   6 |  962.8 |
               +--------+--------+--------+--------+--------+-----+--------+

Top non-repeatable levels by time:
     D:6: 1404 daAuts
     D:5: 1281 daAuts
     D:4: 917 daAuts
     D:2: 788 daAuts
     D:3: 783 daAuts
     D:1: 603 daAuts

Table legend:
 A = Kills in this place as a percentage of kills in the entire game.
 B = Kills by you in this place as a percentage of kills by you in the entire game.
 C = Kills by friends in this place as a percentage of kills by friends in the entire game.
 D = Other kills in this place as a percentage of other kills in the entire game.
 E = Experience gained in this place as a percentage of experience gained in the entire game.
 F = Experience gained in this place divided by the number of levels of this place that you have seen.
                   A       B       C       D       E      F
               +-------+-------+-------+-------+-------+----------------------
         Total | 100.0 | 100.0 |   N/A |   N/A | 100.0 | 319.0
       Dungeon | 100.0 | 100.0 |   N/A |   N/A | 100.0 | 319.0
               +-------+-------+-------+-------+-------+----------------------
